 Dungeon Crawl Stone Soup version 0.22-a0-433-gd2a9cce0b5 (webtiles) character file.

61 RedPan the Sneak (level 3, 0/24 HPs)
             Began as a Vampire Enchanter on May 29, 2018.
             Slain by a jackal (3 damage)
             ... on level 3 of the Dungeon.
             The game lasted 00:06:17 (2314 turns).

RedPan the Sneak (Vampire Enchanter)                Turns: 2314, Time: 00:06:17

Health: 0/24       AC:  2    Str:  7    XL:     3   Next: 83%
Magic:  1/6        EV: 13    Int: 18    God:
Gold:   71         SH:  0    Dex: 14    Spells: 3/6 levels left

rFire    . . .     SeeInvis +   a - +1 dagger
rCold    + . .     Gourm    .   (no shield)
rNeg     + + .     Faith    .   b - +0 robe
rPois    +         Spirit   .   (no helmet)
rElec    .         Reflect  .   (no cloak)
rCorr    .         Harm     .   (no gloves)
MR       .....                  (no boots)
Stlth    ++++......             (no amulet)
HPRegen  0.04/turn              n - ring of poison resistance
MPRegen  0.10/turn              (no ring)

@: very slightly contaminated, regenerating slowly
A: fangs 3, see invisible, unbreathing
a: Bat Form


You were on level 3 of the Dungeon.
You were very thirsty.

You visited 1 branch of the dungeon, and saw 3 of its levels.

You collected 71 gold pieces.

Inventory:

Hand Weapons
 a - a +1 dagger (weapon)
 e - a cursed -2 short sword
Armour
 b - a +0 robe (worn)
 f - a +0 buckler
Jewellery
 n - a ring of poison resistance (left hand)
Potions
 c - 3 potions of curing {unknown}
 d - 8 potions of blood
 h - a potion of invisibility
 j - a potion of mutation {unknown}
 m - a potion of flight {unknown}
 p - 2 potions of agility {unknown}
 r - 2 potions of lignification {unknown}


   Skills:
 + Level 2.1 Short Blades
 + Level 2.9 Dodging
 + Level 5.3 Stealth
 + Level 2.1 Spellcasting
 - Level 5.0 Hexes
 + Level 0.3 Ice Magic


You had 3 spell levels left.
You knew the following spells:

 Your Spells              Type           Power        Failure   Level  Hunger
a - Corona                Hex            ###....      2%          1    #......
b - Ensorcelled Hibernat  Hex/Ice        ##....       9%          2    ###....

Your spell library contained the following spells:

 Spells                   Type           Power        Failure   Level  Hunger
 Confuse                  Hex            ###.....     7%          3    ###....
 Tukima's Dance           Hex            ###.....     7%          3    ###....
 Dazzling Spray           Conj/Hex       ##....       19%         3    ###....


Dungeon Overview and Level Annotations

Branches:
Dungeon (3/15)

Altars:


Innate Abilities, Weirdness & Mutations

You heal slowly.
You have razor-sharp teeth.
You have supernaturally acute eyesight. (SInv)
You can survive without breathing.


Message History

You hit the jackal.
The jackal is moderately wounded.
The jackal completely misses you. The jackal misses you.
You closely miss the jackal.
The jackal is moderately wounded.
The jackal closely misses you.
You hit the jackal.
You kill the jackal!
You hit the jackal.
The jackal is lightly wounded.
The jackal bites you.
* * * LOW HITPOINT WARNING * * *
You hit the jackal.
The jackal is moderately wounded.
The jackal bites you.
* * * LOW HITPOINT WARNING * * *
Yummy - fresh blood!
You are feeling very thirsty.
The jackal misses you. The jackal bites you.
You die...

### #########.#
#<........#
##########.#
#..........#
#@########## #h#
######'##
#.......#
#.......#
#.......#
#.......#
#.......# .h
+..?....#####..h


You could see a jackal.

Vanquished Creatures
  2 adders (D:2)
  An ooze (D:2)
  A dart slug (D:1)
  A leopard gecko (D:1)
  5 bats (D:1)
  2 giant cockroaches
  3 goblins
  4 hobgoblins
  3 jackals (D:3)
  4 kobolds
  2 quokkas (D:2)
  5 frilled lizards
  2 rats (D:1)
35 creatures vanquished.

Notes
Turn   | Place    | Note
-------+----------+-------------------------------------------
     0 | D:1      | RedPan the Vampire Enchanter began the quest for the Orb.
     0 | D:1      | Reached XP level 1. HP: 13/13 MP: 3/3
   335 | D:1      | Reached XP level 2. HP: 19/19 MP: 5/5
   339 | D:1      | Learned a level 2 spell: Ensorcelled Hibernation
   983 | D:2      | Reached skill level 5 in Stealth
   983 | D:2      | Reached XP level 3. HP: 24/24 MP: 6/6
  1175 | D:2      | Reached skill level 5 in Hexes
  2314 | D:3      | Slain by a jackal

Vault maps used:
D:1:      dpeg_arrival_radiant, minmay_statues_item
D:3:      overflow_temple_1_default

Skill      XL: |  1  2  3 |
---------------+----------+-----
Stealth        | 5 |  5.3
Short Blades   | 2 |  2.1
Hexes          | 5 |  5.0
Dodging        | |  2.9
Spellcasting   | |  2.1
Ice Magic      | |  0.3

Action                   || total
-------------------------++-------
Melee: Dagger            ||   130
       Bite              ||    10
 Cast: Corona            ||     1
       Ensorcelled Hiber ||     7
  Use: Scroll            ||     5
       Potion            ||     1
 Stab: Sleeping          ||    13
Armor: Robe              ||    25
Dodge: Dodged            ||    78

Table legend:
 A = Spawn XP
 B = Non-spawn XP
 C = Spawn XP percentage of total XP
 D = Spawn monster count
 E = Non-spawn monster count
 F = Spawn count percentage of total count
 G = Total turns spent on level
                    A         B        C        D         E        F      G
               +---------+---------+-------+---------+---------+-------+---------
         Total |       0 |      88 |   0.0 |       0 |      35 |   0.0 |  2314
               +---------+---------+-------+---------+---------+-------+---------
           D:1 |       0 |      28 |   0.0 |       0 |      16 |   0.0 |   978
           D:2 |       0 |      50 |   0.0 |       0 |      14 |   0.0 |   949
           D:3 |       0 |      10 |   0.0 |       0 |       5 |   0.0 |   387
               +---------+---------+-------+---------+---------+-------+---------
